AoeStats
← Im_16Years_Old_IamCaPte

Scandinavia

510869393Analyzed
1v1 RM · 8h ago on Oct 2, 2026· 31m 27s· 2 players
Game mode
Random Map
Map size
Tiny (2 player)
Population
200
Speed
Normal
Resources
Standard
Victory
Conquest
Starting age
Dark Age
Ending age
Imperial Age
RankedLock teamsTeams togetherTeam positionsShared explorationLock speedFull tech treeHidden civsTurbo modeCheats
Victory
Defeat
1753
+9
🇮🇪 Burgundians · Ireland
1590
-9
Im_16Years_Old_IamCaPte
7:03 Loom
9:29 Feudal Age
10:21 Man-at-Arms
11:38 Scale Mail Armor
15:11 Arson
16:53 Town Watch
17:19 Forging
22:34 Castle Age
20:55 Gold Mining
21:00 Double-Bit Axe
22:42 Long Swordsman
23:38 Chain Mail Armor
24:51 Squires
andrewwoodsmith
3:31 Double-Bit Axe
8:16 Loom
10:15 Feudal Age
11:52 Bow Saw
22:43 Castle Age
21:14 Fletching
23:56 Gold Mining
25:26 Wheelbarrow
24:48 Fishing Lines
25:27 Bodkin Arrow
29:32 Cavalier
31:09 Scale Barding Armor
Connection lost

Rejoining the realm…

Still unreachable

The connection could not be restored.

Session expired

The server has moved on; the page needs a fresh start.